 Dungeon Crawl Stone Soup version 0.19.0-20-gbc5f0c6 (webtiles) character file.

4422 emikaela the Firebug (level 10, -1/65 HPs)
             Began as a Halfling Fire Elementalist on Nov 16, 2016.
             Was a Believer of Ashenzari.
             Splashed by a vampire's acid (18 damage)
             ... on level 8 of the Dungeon.
             The game lasted 01:00:50 (13204 turns).

emikaela the Firebug (Halfling Fire Elementalist)  Turns: 13204, Time: 01:00:51

Health: -1/65      AC:  2    Str:  9    XL:     10   Next: 62%
Magic:  1/14       EV: 20    Int: 16    God:    Ashenzari [**....]
Gold:   141        SH:  4    Dex: 20    Spells: 6 memorised, 1 level left

rFire  + . .     SeeInvis .     u - +4 dagger
rCold  . . .     Gourm    .     W - +0 robe (curse)
rNeg   . . .     Faith    .     (shield restricted)
rPois  .         Spirit   .     (no helmet)
rElec  .         Reflect  +     B - +1 cloak
rCorr  .         Harm     .     r - +0 pair of gloves (curse)
MR     .....                    z - +0 pair of boots
Stlth  +++.......               j - +4 amulet of reflection (curse)
                                G - ring of protection from fire (curse)
                                i - +4 ring of dexterity (curse)

@: singing, corroded
A: mutation resistance 1
a: Curse Item, Scrying, Renounce Religion, Stop Singing


You were on level 8 of the Dungeon.
You worshipped Ashenzari.
Ashenzari was pleased with you.
You were not hungry.

You visited 1 branch of the dungeon, and saw 8 of its levels.
You also visited: Sewer.

You collected 303 gold pieces.
You spent 162 gold pieces at shops.

Inventory:

Hand Weapons
 u - a +4 dagger (weapon)
 X - a +0 blowgun
Missiles
 g - 81 bolts
 h - 26 poisoned needles
 s - 214 arrows
 F - 3 needles of paralysis
 I - 14 tomahawks (quivered)
Armour
 r - a cursed +0 pair of gloves (worn)
 z - a +0 pair of boots (worn)
 B - a +1 cloak (worn)
 O - a +2 leather armour of cold resistance
 W - a cursed +0 robe (worn)
Magical Staves
 E - an uncursed staff of death
Jewellery
 i - a cursed +4 ring of dexterity (left hand)
 j - a cursed +4 amulet of reflection (around neck)
 G - a cursed ring of protection from fire (right hand)
Wands
 d - a wand of acid (15/15)
 f - a wand of disintegration (12/24)
 H - a wand of polymorph (7/24)
 J - a wand of flame (23/48)
 M - a wand of flame (10/48)
 R - a wand of iceblast (2/15)
Scrolls
 e - a scroll of fog {unknown}
 l - 3 scrolls of remove curse
 o - a scroll of magic mapping {unknown}
 t - a scroll of enchant weapon
 y - a scroll of fear {unknown}
 A - a scroll of brand weapon {unknown}
 L - 3 scrolls of teleportation
 Q - 3 scrolls of blinking
 S - a scroll of torment {unknown}
 T - 2 scrolls of amnesia {unknown}
 Y - a scroll of recharging
 Z - a scroll of vulnerability {unknown}
Potions
 k - a potion of resistance
 m - 2 potions of lignification
 n - 7 potions of curing {unknown}
 p - 2 potions of magic
 q - 3 potions of heal wounds {unknown}
 D - 3 potions of haste
 N - 4 potions of flight {unknown}
 P - a potion of cancellation
 U - 4 potions of agility
 V - a potion of degeneration {unknown}
Books
 a - a book of Battle
 b - a book of Flames
Comestibles
 c - 3 bread rations
 v - 4 fruits
 w - a chunk of flesh
 C - 7 meat rations


   Skills:
 + Level 4.9 Fighting
 + Level 6.3 Short Blades
 - Level 2.5 Armour
 - Level 7.0 Dodging
 + Level 4.0 Stealth
 - Level 3.0 Spellcasting
 - Level 5.0(7.2) Conjurations
 - Level 2.1(3.9) Charms
 - Level 2.1(3.9) Translocations
 - Level 7.0(9.3) Fire Magic
 + Level 2.6(4.5) Evocations


You had one spell level left.
You knew the following spells:

 Your Spells              Type           Power        Failure   Level  Hunger
a - Flame Tongue          Conj/Fire      ####.        1%          1    #......
b - Throw Flame           Conj/Fire      ####..       1%          2    ##.....
c - Conjure Flame         Conj/Fire      ####....     1%          3    ###....
f - Sticky Flame          Conj/Fire      ####....     8%          4    #####..
g - Shroud of Golubria    Chrm/Tloc      ##........   8%          2    ##.....
s - Song of Slaying       Chrm           ##......     8%          2    ##.....


Dungeon Overview and Level Annotations

Branches:
Dungeon (8/15)             Temple (0/1) D:7
   Lair: D:8-11

Altars:
Ashenzari
Elyvilon
Trog
The Shining One

Shops:
D:4 *

Annotations:
D:5 Sigmund


Innate Abilities, Weirdness & Mutations

You are small and have problems with some larger weapons.
You are somewhat resistant to further mutation.


Message History

The sticky flame hits the vampire.
The vampire is lightly damaged.
The vampire is covered in liquid flames!
* * * LOW MAGIC WARNING * * *
The vampire burns!
The vampire barely misses you. The vampire misses you.
The orc priest completely misses you.
You hit the vampire but do no damage.
The vampire is moderately damaged.
The vampire zaps a wand.
The bolt of acid misses you.
You hit the vampire.
The vampire is moderately damaged.
The vampire burns!
The orc priest mumbles some strange prayers to Beogh against you.
Beogh smites you!
The vampire zaps a wand.
The bolt of acid hits you! The acid corrodes you!
You are splashed with acid!
The acid burns!
The vampire burns!
You block the orc's attack.
You hear an angry buzzing noise.
The vampire burns!
The vampire zaps a wand.
The bolt of acid misses the orc.
The bolt of acid hits you!
You are splashed with acid!
The acid burns!
You die...

#.#...# , ..[...'. #.# #.#...#
...... ,, #.# # #.#...# , ,
.h5. ,,,#.# # #.#...#######)#{,
,#####.# # #.#....).†...o#, ,
#.....# # #.#....y....CV# ,,*
#..#### # #.#........K..#
#..##.###
#.##'######.oo#####...#......##
#.....#.# #...@.......#.###.##
#######.# #...........+. #<#
#.# #...........## #.# #.#
############ #.# #.###)...# #.#
### #...)..[.# #.# ..##
#.###..[.############.### ##.##
#.# ####................. ##.##
#.# ############.#####


You could see a cyclops, a vampire (burning), an orc warrior, a hound, a killer
bee, an orc priest, an orc and a kobold.

Vanquished Creatures
  Pikel (D:6)
  A troll (D:8)
  A hippogriff (D:8)
  Menkaure (D:7)
  A water moccasin (D:6)
  A slave (D:6)
  A sky beast (D:7)
  A necrophage (D:7)
  2 phantoms
  2 orc warriors
  6 ogres
  3 centaurs
  2 big kobolds
  3 bullfrogs
  3 scorpions
  4 killer bees (D:8)
  4 howler monkeys
  2 electric eels (D:6)
  2 crimson imps (D:5)
  A jelly (D:4)
  9 orc wizards
  4 hounds
  Crazy Yiuf (D:6)
  A centaur zombie (D:7)
  2 orc priests (D:4)
  2 iguanas
  A centaur skeleton (D:4)
  A gnoll shaman (D:4)
  Ijyb (D:3)
  9 worker ants
  8 gnolls
  12 adders
  A shadow imp (D:7)
  2 adder skeletons
  2 adder zombies (D:5)
  3 worms
  2 dart slugs
  4 leopard geckos
  13 orcs
  4 ball pythons
  3 giant cockroaches
  13 goblins
  7 hobgoblins
  8 jackals
  3 quokkas
  12 bats
  3 frilled lizards
  23 kobolds
  A quokka skeleton (D:5)
  12 rats
209 creatures vanquished.

Vanquished Creatures (others)
  2 slaves (D:6)
  An electric eel (D:6)
  A crimson imp (D:6)
  A quasit (D:8)
  An orc wizard (D:8)
  4 orcs (D:8)
  A plant (D:6)
11 creatures vanquished.

Grand Total: 220 creatures vanquished

Notes
Turn   | Place    | Note
-------+----------+-------------------------------------------
     0 | D:1      | emikaela the Halfling Fire Elementalist began the quest for the Orb.
     0 | D:1      | Reached XP level 1. HP: 11/11 MP: 3/3
   123 | D:1      | Reached skill level 1 in Conjurations
   272 | D:1      | Reached XP level 2. HP: 15/17 MP: 2/4
   330 | D:1      | Learned a level 2 spell: Throw Flame
   473 | D:1      | Found a shattered altar of Ashenzari.
   648 | D:1      | Became a worshipper of Ashenzari the Shackled
  1182 | D:1      | Reached XP level 3. HP: 21/21 MP: 2/5
  1718 | D:2      | Found a white marble altar of Elyvilon.
  1983 | D:2      | Reached XP level 4. HP: 27/27 MP: 4/6
  1989 | D:2      | Learned a level 3 spell: Conjure Flame
  3185 | D:3      | Reached XP level 5. HP: 26/32 MP: 3/8
  3331 | D:3      | Reached skill level 1 in Short Blades
  3867 | D:3      | Reached * piety under Ashenzari
  4098 | D:3      | Noticed Ijyb
  4108 | D:3      | Killed Ijyb
  4222 | D:4      | Reached skill level 1 in Fighting
  4222 | D:4      | Reached XP level 6. HP: 35/38 MP: 4/9
  4440 | D:4      | Found Deekludghoa's Assorted Antiques.
  4450 | D:4      | Bought a scroll labeled FIVVO LUIR for 24 gold pieces
  4450 | D:4      | Bought a scroll labeled UTTAGGYNOM for 24 gold pieces
  4450 | D:4      | Bought a scroll labeled UTTAGGYNOM for 24 gold pieces
  4450 | D:4      | Bought a sapphire potion for 21 gold pieces
  4450 | D:4      | Bought a smoky amethyst potion for 21 gold pieces
  4450 | D:4      | Bought a scroll labeled NIRCHU CUBOU for 24 gold pieces
  4450 | D:4      | Bought a scroll labeled NIRCHU CUBOU for 24 gold pieces
  4759 | D:4      | Reached skill level 1 in Armour
  5096 | D:4      | Reached XP level 7. HP: 44/44 MP: 4/10
  5184 | D:4      | Learned a level 4 spell: Sticky Flame
  6492 | D:5      | Entered Level 5 of the Dungeon
  6536 | D:5      | Reached XP level 8. HP: 51/51 MP: 6/11
  6623 | D:5      | Found a glowing drain.
  6627 | Sewer    | Entered a sewer
  7324 | D:5      | Reached skill level 5 in Fire Magic
  7557 | D:5      | Found a bloodstained altar of Trog.
  7939 | D:5      | Reached skill level 1 in Evocations
  8119 | D:5      | Noticed Sigmund
  8193 | D:5      | Reached ** piety under Ashenzari
  8515 | D:4      | Reached skill level 5 in Dodging
  9139 | D:5      | Reached XP level 9. HP: 51/57 MP: 12/12
 10500 | D:6      | Noticed Pikel
 10510 | D:6      | Killed Pikel
 10632 | D:6      | Reached skill level 5 in Conjurations
 10780 | D:6      | Found a runed door.
 10784 | D:6      | Noticed Crazy Yiuf
 10791 | D:6      | Killed Crazy Yiuf
 10876 | D:7      | Noticed Menkaure
 10876 | D:7      | Reached skill level 5 in Short Blades
 10876 | D:7      | Reached XP level 10. HP: 63/63 MP: 1/13
 11524 | D:7      | Killed Menkaure
 11688 | D:7      | Learned a level 2 spell: Song of Slaying
 11691 | D:7      | Learned a level 2 spell: Shroud of Golubria
 11941 | D:7      | Found a staircase to the Ecumenical Temple.
 12128 | D:8      | Reached skill level 1 in Translocations
 12198 | D:8      | Found a glowing golden altar of the Shining One.
 12396 | D:8      | Reached skill level 1 in Charms
 13200 | D:8      | Noticed a cyclops
 13204 | D:8      | Splashed by a vampire's acid

Skill      XL: |  1  2  3  4  5  6  7  8  9 10 |
---------------+-------------------------------+-----
Conjurations   | 1 2 3 4 5 |  5.0
Spellcasting   | 2 3 |  3.0
Short Blades   | 2 5 6 |  6.3
Dodging        | 3 4 5 6 7 |  7.0
Fighting       | 1 2 3 4 |  4.9
Fire Magic     | 4 5 7 |  7.0
Armour         | 1 2 |  2.5
Evocations     | 1 2 |  2.6
Stealth        | 3 4 |  4.0
Translocations | 2 |  2.1
Charms         | 2 |  2.1

Action                   |  1- 3 |  4- 6 |  7- 9 | 10-12 || total
-------------------------+-------+-------+-------+-------++-------
Melee: Dagger            |    20 |    20 |    60 |    32 ||   132
       Unarmed           |     1 |       |       |       ||     1
       Short sword       |       |    19 |    19 |       ||    38
 Cast: Flame Tongue      |    55 |   125 |   210 |    94 ||   484
       Throw Flame       |     1 |       |    11 |     2 ||    14
       Conjure Flame     |       |     1 |    15 |     3 ||    19
       Sticky Flame      |       |       |     7 |    15 ||    22
       Song of Slaying   |       |       |       |     3 ||     3
Invok: Curse Item        |       |       |     2 |     1 ||     3
 Abil: Evoke Berserk Rag |       |     1 |       |       ||     1
Evoke: Wand              |       |       |     7 |       ||     7
  Use: Potion            |     3 |       |     3 |       ||     6
       Scroll            |       |     4 |     9 |     2 ||    15
 Stab: Sleeping          |     2 |     4 |     3 |       ||     9
  Eat: Chunk             |     5 |    10 |    20 |     6 ||    41
       Royal jelly       |       |     1 |       |       ||     1
       Fruit             |       |     1 |       |       ||     1
       Beef jerky        |       |       |     2 |       ||     2
       Bread ration      |       |       |     1 |     1 ||     2
Armor: Robe              |     6 |    13 |    17 |     6 ||    42
       Leather armour    |       |       |     9 |       ||     9
Dodge: Dodged            |    41 |    72 |   140 |    74 ||   327
Block: Other             |       |       |    14 |    13 ||    27
       Reflection        |       |       |       |     1 ||     1
